 Dungeon Crawl Stone Soup version 0.24.0-13-gcf9b3192b9 (webtiles) character file.

Game seed: 5443747038160057381, levelgen mode: deterministic

1137 bl3nd3r the Cleaver (level 8, 0/64 HPs)
             Began as a Minotaur Berserker on Nov 8, 2019.
             Was a Priest of Trog.
             Succumbed to a gnoll sergeant's poison
             ... on level 5 of the Dungeon.
             The game lasted 00:07:23 (4605 turns).

bl3nd3r the Cleaver (Minotaur Berserker)            Turns: 4605, Time: 00:07:24

Health: 0/64       AC:  6    Str: 24    XL:     8   Next: 14%
Magic:  7/7        EV: 12    Int:  4    God:    Trog [***...]
Gold:   35         SH:  0    Dex: 10    Spells: 7/7 levels left

rFire    . . .     SeeInvis .   a - +0 hand axe
rCold    . . .     Gourm    .   (no shield)
rNeg     . . .     Faith    .   e - +0 leather armour
rPois    .         Spirit   .   (helmet restricted)
rElec    .         Reflect  .   (no cloak)
rCorr    .         Harm     .   (no gloves)
MR       .....                  (no boots)
Stlth    +.........             (no amulet)
HPRegen  0.20/turn              (no ring)
MPRegen  0.10/turn              j - +3 ring of protection

@: lethally poisoned (0 -> -27), berserk cooldown, slowed, very slow
A: retaliatory headbutt, horns 2
a: Berserk, Trog's Hand, Renounce Religion


You were on level 5 of the Dungeon.
You worshipped Trog.
Trog was most pleased with you.
You were very hungry.

You visited 1 branch of the dungeon, and saw 5 of its levels.

You collected 113 gold pieces.
You spent 78 gold pieces at shops.

Inventory:

Hand Weapons
 a - a +0 hand axe (weapon)
Armour
 b - a +0 animal skin
 e - a +0 leather armour (worn)
Jewellery
 g - an uncursed amulet of rage {unknown}
 j - a +3 ring of protection (right hand)
Scrolls
 d - a scroll of magic mapping {unknown}
 h - 2 scrolls of enchant weapon {unknown}
 l - a scroll of identify {unknown}
 m - 4 scrolls of amnesia {unknown}
 p - 7 scrolls of remove curse
 s - 2 scrolls of enchant armour {unknown}
Potions
 f - a potion of berserk rage {unknown}
 i - 4 potions of lignification {unknown}
 k - a potion of flight {unknown}
 n - 5 potions of curing
 o - 2 potions of brilliance {unknown}
 r - a potion of heal wounds {unknown}
Comestibles
 c - 9 rations
 q - 2 chunks of flesh


   Skills:
 - Level 3.6 Fighting
 * Level 11.8 Axes
 - Level 2.4 Armour
 - Level 2.1 Dodging


You had 7 spell levels left.
You didn't know any spells.
Your spell library was empty.

Dungeon Overview and Level Annotations

Branches:
Dungeon (5/15)             Temple (0/1) D:4

Altars:
Ashenzari
Fedhas

Shops:
D:4 ([![


Innate Abilities, Weirdness & Mutations

You reflexively headbutt those who attack you in melee.
You have a pair of horns on your head.


Message History

You kill the gnoll!
Trog accepts your kill.
* * * LOW HITPOINT WARNING * * *
You feel sick.
* * * LOW HITPOINT WARNING * * *
You feel sick.
Items here: ) [[ † a +3 spear of venom; a +0 ring mail; a +0 shield; a gnoll corpse You feel a strong urge to attack something.
You are no longer berserk.
You are exhausted.
You feel yourself slow down.
* * * LOW HITPOINT WARNING * * *
You feel sick.
You see here a +0 flail.
* * * LOW HITPOINT WARNING * * *
You feel very sick.
You see here a gnoll corpse.
You butcher the gnoll corpse.
You die...

..## .. #... #...
#####..##....
####........... #...
#............... #...
..........##.. .....
#........... .....
#)†....... #..#.
###)@....... .....
#..()...###. .>....
#..###.......##......
##...# .#.............
##....##....#..........
#......#....#..........
#.......###............
##....^.#.##...........
#.....................


There were no monsters in sight!

Vanquished Creatures
  Grinder (D:5)
  Menkaure (D:5)
  An ice beast (D:3)
  2 ogres
  A gnoll sergeant (D:5)
  A scorpion (D:4)
  A hound (D:4)
  A jelly (D:5)
  An orc priest (D:4)
  5 orc wizards (D:4)
  A howler monkey skeleton (D:5)
  5 gnolls (D:5)
  10 adders
  An ooze (D:1)
  4 worms
  A dart slug (D:1)
  2 leopard geckos
  4 orcs
  A ball python (D:5)
  6 giant cockroaches
  8 goblins
  6 hobgoblins
  6 jackals (D:1)
  4 kobolds
  3 quokkas
  7 bats
  6 frilled lizards
  A jackal skeleton (D:4)
  A quokka skeleton (D:4)
  11 rats
103 creatures vanquished.

Notes
Turn   | Place    | Note
-------+----------+-------------------------------------------
     0 | D:1      | bl3nd3r the Minotaur Berserker began the quest for the Orb.
     0 | D:1      | Reached XP level 1. HP: 19/19 MP: 0/0
    34 | D:1      | Reached skill level 4 in Axes
    90 | D:1      | Reached XP level 2. HP: 22/26 MP: 1/1
   245 | D:1      | Reached skill level 5 in Axes
   489 | D:1      | Reached XP level 3. HP: 27/31 MP: 2/2
   513 | D:1      | Reached ** piety under Trog
  1053 | D:2      | Reached skill level 6 in Axes
  1053 | D:2      | Reached XP level 4. HP: 28/39 MP: 3/3
  1971 | D:3      | Noticed an ice beast
  1978 | D:3      | Killed an ice beast
  1978 | D:3      | Reached skill level 7 in Axes
  1978 | D:3      | Reached XP level 5. HP: 5/45 MP: 4/4
  2646 | D:3      | Reached *** piety under Trog
  2857 | D:4      | Reached skill level 8 in Axes
  2857 | D:4      | Reached XP level 6. HP: 33/51 MP: 5/5
  3228 | D:4      | Found a shattered altar of Ashenzari.
  3233 | D:4      | Reached skill level 9 in Axes
  3296 | D:4      | Found a blossoming altar of Fedhas.
  3331 | D:4      | Reached XP level 7. HP: 55/57 MP: 6/6
  3477 | D:4      | Found Sevul's Armour Shop.
  3566 | D:4      | Found a staircase to the Ecumenical Temple.
  3674 | D:4      | Found Caru's Distillery.
  3698 | D:4      | Bought a potion of curing for 39 gold pieces
  3698 | D:4      | Bought a potion of curing for 39 gold pieces
  3908 | D:4      | Found Kotas's Armour Shoppe.
  3908 | D:4      | Found Gotuvousch's Weapon Emporium.
  4101 | D:4      | Reached skill level 10 in Axes
  4152 | D:5      | Entered Level 5 of the Dungeon
  4160 | D:5      | Noticed Grinder
  4161 | D:5      | Noticed Menkaure
  4174 | D:5      | Killed Menkaure
  4180 | D:5      | Killed Grinder
  4180 | D:5      | Reached skill level 11 in Axes
  4451 | D:5      | Reached XP level 8. HP: 62/64 MP: 7/7
  4604 | D:5      | HP: 2/64 [poisoned by a gnoll sergeant]
  4605 | D:5      | Succumbed to a gnoll sergeant's poison

Levels and vault maps discovered:
D:1:      onia_arrival_larder, layout_loops_ring
D:2:      layout_loops_ring, grunt_ministairs_5
D:3:      layout_basic
D:4:      layout_loops_corners, old_standard_altar, kennysheep_mini_moat,
          minmay_temple_entry_ruins, serial_shops, shop, shop, shop, shop
D:5:      layout_cave_pools, grunt_temple_overflow_champion_of_chaos,
          slow_altar_1, marbit_many_paths, first_ration, serial_shops, shop,
          uniq_menkaure, uniq_grinder, uniq_pikel

Skill      XL: |  1  2  3  4  5  6  7 |
---------------+----------------------+-----
Axes           | 4 5 6 7 8 9 11 | 11.8
Fighting       | |  3.6
Armour         | |  2.4
Dodging        | |  2.1

Action                   |  1- 3 |  4- 6 |  7- 9 || total
-------------------------+-------+-------+-------++-------
Melee: Hand axe          |    85 |    96 |    62 ||   243
       Headbutt          |    12 |    13 |     9 ||    34
Invok: Berserk           |       |     3 |     2 ||     5
       Trog's Hand       |       |       |     1 ||     1
  Use: Scroll            |       |     1 |       ||     1
 Stab: Sleeping          |     3 |     2 |       ||     5
  Eat: Chunk             |       |     9 |     6 ||    15
Armor: Animal skin       |    19 |     9 |       ||    28
       Leather armour    |       |    15 |    14 ||    29
Dodge: Dodged            |    58 |    47 |    31 ||   136
